 Dungeon Crawl Stone Soup version 0.21.1-1-g345015fe64 (webtiles) character file.

91249 PikkenKukken the Markscentaur (level 15, -11/138 HPs)
             Began as a Centaur Hunter on June 24, 2018.
             Was a High Priest of Okawaru.
             Mangled by a merfolk
             ... wielding a +0 trident
              (12 damage)
             ... on level 2 of the Shoals.
             The game lasted 02:09:54 (30558 turns).

PikkenKukken the Markscentaur (Centaur Hunter)     Turns: 30558, Time: 02:09:56

Health: -11/138    AC: 25    Str: 20    XL:     15   Next: 54%
Magic:  0/20       EV: 13    Int: 13    God:    Okawaru [*****.]
Gold:   1600       SH:  0    Dex: 19    Spells: 16/19 levels left

rFire    + + .     SeeInvis .   a - +5 shortbow (venom)
rCold    + + +     Gourm    .   (shield currently unavailable)
rNeg     . . .     Faith    .   E - +3 leather armour of Gluttony {*Contam rC++ Int+3 Dex+3}
rPois    .         Spirit   +   q - +1 helmet of the Barnacle {rElec rF+ Regen+ Str-4}
rElec    +         Reflect  .   T - +2 cloak {MR+}
rCorr    .         Harm     .   M - +2 pair of gloves {Str+3}
MR       ++...                  y - +2 centaur barding {Stlth+}
Stlth    +++++.....             h - amulet of guardian spirit
HPRegen  0.73/turn              t - ring of protection from fire
MPRegen  0.17/turn              n - +4 ring of strength

@: lethally poisoned (-11 -> -32), barbed spikes, very quick
A: large, hooves 3, cold resistance 1, deformed body, speed 2, robust 1, strong
1, tough skin 3
a: Heroism, Finesse, Renounce Religion


You were on level 2 of the Shoals.
You worshipped Okawaru.
Okawaru was extremely pleased with you.
You were not hungry.

You visited 5 branches of the dungeon, and saw 21 of its levels.

You collected 2079 gold pieces.
You spent 479 gold pieces at shops.

Inventory:

Hand Weapons
 a - a +5 shortbow of venom (weapon)
 B - a +2 spear of venom
 V - a +5 longbow of freezing
 W - a +0 dire flail
Missiles
 d - 6 arrows (quivered)
 l - 116 bolts
Armour
 b - a scarf of resistance
 q - the +1 helmet of the Barnacle (worn) {rElec rF+ Regen+ Str-4}
   (You found it on level 9 of the Dungeon)

   It affects your strength (-4).
   It protects you from fire.
   It insulates you from electricity.
   It increases your rate of regeneration.
 y - a +2 centaur barding of stealth (worn)
 z - a +2 crystal plate armour
 E - the +3 leather armour of Gluttony (worn) {*Contam rC++ Int+3 Dex+3}
   (You found it on level 1 of the Lair of Beasts)

   It affects your intelligence (+3).
   It affects your dexterity (+3).
   It greatly protects you from cold.
   It causes magical contamination when unequipped.
 I - the +0 cloak of Prudence {rF++ Str-2 Stlth+}
   (You found it on level 9 of the Dungeon)

   It affects your strength (-2).
   It greatly protects you from fire.
   It makes you more stealthy.
 M - a +2 pair of gloves of strength (worn)
 T - a +2 cloak of magic resistance (worn)
Jewellery
 h - an amulet of guardian spirit (around neck)
 m - an uncursed ring of positive energy
 n - a +4 ring of strength (right hand)
 t - a ring of protection from fire (left hand)
 u - an uncursed amulet of faith
 w - an uncursed ring of protection from cold
 O - an uncursed ring of see invisible
 R - an uncursed ring of flight
Wands
 e - a wand of flame (166)
 Y - a wand of scattershot (2)
Scrolls
 c - 9 scrolls of identify
 o - 6 scrolls of blinking
 r - 10 scrolls of teleportation
 C - 8 scrolls of remove curse
 K - 3 scrolls of amnesia
 L - 2 scrolls of magic mapping
 Q - 2 scrolls of noise
 X - a scroll of enchant weapon
Potions
 j - 3 potions of mutation
 k - 4 potions of cancellation
 v - 4 potions of flight
 G - 2 potions of haste
Books
 Z - a book of Battle

   Spells                             Type                      Level
   a - Infusion                       Charms                       1
   b - Shroud of Golubria             Charms/Translocation         2
   c - Song of Slaying                Charms                       2
   d - Spectral Weapon                Hexes/Charms                 3
   e - Regeneration                   Charms/Necromancy            3
Comestibles
 f - 20 rations
 g - 4 chunks of flesh


   Skills:
 + Level 9.8 Fighting
 + Level 9.7 Maces & Flails
 + Level 15.6 Bows
 - Level 8.0 Armour
 - Level 8.0 Dodging
 - Level 9.9 Stealth
 + Level 2.9 Spellcasting
 + Level 3.5 Charms
 - Level 7.0 Invocations


You had 16 spell levels left.
You knew the following spells:

 Your Spells              Type           Power        Failure   Level  Hunger
a - Infusion              Chrm           ##..         6%          1    #......
b - Song of Slaying       Chrm           ##......     10%         2    ###....


Dungeon Overview and Level Annotations

Branches:
Dungeon (10/15)            Temple (1/1) D:4            Lair (6/6) D:8
 Shoals (2/4) Lair:2       Spider (0/4) Lair:3        Slime (0/5) Lair:5
    Orc (2/2) D:10            Elf (0/3) Orc:2

Altars:
Ashenzari
Cheibriados
Dithmenos
Elyvilon
Fedhas
Gozag
Hepliaklqana
Makhleb
Nemelex Xobeh
Okawaru
Qazlal
Ru
Sif Muna
Trog
Uskayaw
Vehumet
Wu Jian
Xom
Yredelemnul
Zin
The Shining One
Beogh
Jiyva

Shops:
D:8 ?   Orc:2 (=}*?


Innate Abilities, Weirdness & Mutations

You have hooves in place of feet.
Armour fits poorly on your strangely shaped body.
You cover ground very quickly.
You have extremely tough skin. (AC +3)
Your flesh is cold resistant. (rC+)
You are robust. (+10% HP)
Your muscles are strong. (Str +2)


Message History

Press: ? - help, Shift-Dir - straight line, f/p - manticore
Aim: a manticore (moderately wounded)
You shoot an arrow.
You feel less invigorated.
You feel less confused.
* * * LOW HITPOINT WARNING * * *
You feel sick. The merfolk siren closely misses you.
The manticore barely misses you.
The manticore claws you but does no damage. x2
Unknown command.
Firing (i - inventory):
d - 7 arrows (quivered)
Press: ? - help, Shift-Dir - straight line, f/p - manticore
Aim: a manticore (moderately wounded)
You shoot an arrow.
The arrow hits the manticore but does no damage.
The manticore is poisoned.
The manticore is moderately wounded.
* * * LOW HITPOINT WARNING * * *
You feel sick.
The merfolk hits you from afar with a trident!!
You die... ..##..##...≈≈ .......##≈≈≈≈ ..........≈≈≈###+### ...≈≈.....≈≈##.....## ....≈≈≈.....#...[... ......≈≈≈≈.≈# ..(.. #≈≈≈≈≈≈.. ...##.≈≈≈≈≈≈## m(m

##≈≈≈≈≈≈≈. #####.≈≈≈≈≈≈≈# #H#
#≈≈≈≈≈≈≈≈≈ ####..≈≈≈≈≈≈≈≈ #@#
≈≈≈..≈≈≈≈
P#PP.≈≈≈≈.PP≈###'###≈≈≈≈≈≈≈≈≈
.....P≈.P#.P##.....##.≈≈≈≈≈≈≈
...P...P.#.P#.......#.≈≈≈≈≈≈≈
...≈≈≈...#..#.......#.≈≈≈≈≈≈≈
≈≈..≈≈...#..##...(.##.≈≈≈≈≈≈≈
≈≈≈≈PP......≈###)###≈..≈≈≈≈≈≈
...≈..###.P............>≈≈≈≈≈
.#....# ##.............≈≈≈≈≈≈


You could see a merfolk, a manticore and a merfolk siren.

Vanquished Creatures
  Nikola (Shoals:2)
  2 entropy weavers (Lair:4)
  Nessos (Lair:6)
  A merfolk javelineer (Shoals:2)
  A fire dragon (Lair:6)
  A merfolk impaler (Shoals:1)
  Fannar (Orc:1)
  4 hydras
  A queen ant (Lair:5)
  A merfolk avatar (Shoals:1)
  8 death yaks
  2 two-headed ogres
  An orc high priest (Orc:2)
  Nergalle (Orc:1)
  The ghost of Bighouser the Cleaver, a novice HOFi (D:7)
  A fire crab (Lair:6)
  8 sea snakes
  15 fauns (Shoals:1)
  5 harpies (Shoals:2)
  6 manticores
  3 cyclopes
  5 oklob plants
  4 orc sorcerers
  A deep elf mage (D:8)
  Maurice (D:8)
  3 black mambas (Lair:6)
  5 merfolk sirens
  2 water nymphs
  The ghost of aaaaaaaaaaaaaaaaaa the Slasher, a novice VSBe of Trog (D:4)
  11 elephants
  3 molten gargoyles (Lair:6)
  2 torpor snails
  11 spiny frogs
  7 rime drakes
  12 komodo dragons
  2 wind drakes
  A hornet (D:9)
  3 trolls (Orc:2)
  2 polar bears
  9 merfolk
  16 blink frogs
  6 dream sheep
  11 hippogriffs
  4 snapping turtles
  Sigmund (D:2)
  A redback (Lair:3)
  A spriggan (D:8)
  A vampire (D:8)
  A water elemental (Shoals:2)
  5 wyverns
  2 basilisks (Lair:6)
  38 yaks
  A steam dragon (Lair:6)
  A hungry ghost (D:10)
  3 wargs (Orc:2)
  21 soldier ants
  3 hell hounds
  15 water moccasins
  4 porcupines
  Duvessa (D:5)
  14 orc warriors
  5 ice beasts
  A black bear (Lair:5)
  4 sky beasts
  5 phantoms
  6 ogres
  21 wolves
  5 centaurs
  15 crocodiles
  A big kobold (D:7)
  9 bullfrogs
  Dowan (D:6)
  5 scorpions
  A howler monkey (D:4)
  3 electric eels (D:3)
  3 crimson imps
  4 lava snakes (Lair:6)
  A bullfrog zombie (D:5)
  2 centaur zombies
  4 jellies
  3 centaur skeletons
  4 hounds
  13 orc priests
  31 orc wizards
  Jessica (D:2)
  2 iguanas
  Natasha (thrice) (D:2)
  29 worker ants
  A hound skeleton (D:8)
  Robin (D:2)
  7 gnolls (D:8)
  9 adders
  2 oozes
  4 worms
  A dart slug (D:1)
  4 leopard geckos
  41 orcs
  8 giant cockroaches
  16 goblins
  9 hobgoblins
  5 jackals
  11 kobolds
  5 quokkas
  9 bats
  8 frilled lizards
  A leopard gecko skeleton (D:8)
  A quokka skeleton (D:8)
  5 rats
  A fungus (D:5)
  3 plants (Shoals:2)
634 creatures vanquished.

Vanquished Creatures (others)
  A merfolk impaler (Shoals:2)
  A harpy (Shoals:2)
  A snapping turtle (Shoals:2)
  2 bushes (Lair:6)
  14 fungi
  29 plants
48 creatures vanquished.

Grand Total: 682 creatures vanquished

Notes
Turn   | Place    | Note
-------+----------+-------------------------------------------
     0 | D:1      | PikkenKukken the Centaur Hunter began the quest for the Orb.
     0 | D:1      | Reached XP level 1. HP: 17/17 MP: 1/1
   157 | D:1      | Reached XP level 2. HP: 24/24 MP: 2/2
   196 | D:1      | Reached skill level 6 in Bows
   461 | D:1      | You fall through a shaft!
   466 | D:2      | Noticed Natasha
   468 | D:2      | Noticed Jessica
   469 | D:2      | Noticed a crimson imp
   493 | D:2      | Noticed Sigmund
  1027 | D:1      | Reached XP level 3. HP: 29/29 MP: 3/3
  1638 | D:2      | Killed Natasha
  1762 | D:2      | Noticed Natasha
  1781 | D:2      | Killed Natasha
  1781 | D:2      | Reached XP level 4. HP: 23/37 MP: 2/4
  1987 | D:2      | Reached skill level 1 in Maces & Flails
  2127 | D:2      | Killed Sigmund
  2127 | D:2      | Reached skill level 1 in Armour
  2127 | D:2      | Reached XP level 5. HP: 22/45 MP: 3/5
  2338 | D:2      | Reached XP level 6. HP: 51/51 MP: 6/6
  2378 | D:2      | Noticed Natasha
  2387 | D:2      | Killed Natasha
  2436 | D:2      | Killed Jessica
  2645 | D:3      | Reached skill level 7 in Bows
  3054 | D:3      | Noticed Robin
  3411 | D:2      | Killed Robin
  3517 | D:3      | Found a transporter.
  3526 | D:3      | Found a transporter.
  4578 | D:4      | Found a staircase to the Ecumenical Temple.
  4588 | Temple   | Entered the Ecumenical Temple
  4806 | Temple   | Became a worshipper of Warmaster Okawaru
  4953 | D:4      | Noticed aaaaaaaaaaaaaaaaaa's ghost (novice VSBe)
  5111 | D:4      | Killed aaaaaaaaaaaaaaaaaa's ghost
  5111 | D:4      | Reached skill level 8 in Bows
  5111 | D:4      | Reached XP level 7. HP: 44/60 MP: 4/7
  5309 | D:4      | Reached * piety under Okawaru
  5499 | D:5      | Entered Level 5 of the Dungeon
  5628 | D:5      | Reached XP level 8. HP: 60/67 MP: 6/8
  5832 | D:5      | Reached skill level 5 in Fighting
  6178 | D:5      | Found a shadowy altar of Dithmenos.
  6178 | D:5      | Found a sacrificial altar of Ru.
  6324 | D:5      | Reached skill level 9 in Bows
  6716 | D:6      | Noticed a hippogriff
  6742 | D:6      | Killed a hippogriff
  6742 | D:6      | Reached ** piety under Okawaru
  6832 | D:6      | Reached skill level 5 in Maces & Flails
  6869 | D:6      | Reached skill level 10 in Bows
  7038 | D:6      | Noticed Dowan
  7413 | D:6      | Killed Dowan
  7458 | D:6      | Noticed Duvessa
  7528 | D:5      | Killed Duvessa
  7586 | D:6      | Reached XP level 9. HP: 59/75 MP: 6/9
  7945 | D:6      | Reached *** piety under Okawaru
  8389 | D:7      | Gained mutation: Your flesh is cold resistant. (rC+) [potion of mutation]
  8389 | D:7      | Gained mutation: You are robust. (+10% HP) [potion of mutation]
  8389 | D:7      | Gained mutation: Your muscles are strong. (Str +2) [potion of mutation]
  8576 | D:7      | Noticed Bighouser's ghost (novice HOFi)
  8859 | D:7      | Killed Bighouser's ghost
  8859 | D:7      | Reached skill level 5 in Dodging
  9448 | D:7      | Reached skill level 5 in Armour
  9722 | D:7      | Reached **** piety under Okawaru
 10091 | D:8      | Reached XP level 10. HP: 77/91 MP: 8/10
 10137 | D:8      | Found a staircase to the Lair.
 10717 | D:8      | Found a white marble altar of Elyvilon.
 10727 | D:8      | Found Raicviq's Magic Scroll Emporium.
 10735 | D:8      | Bought a scroll of identify for 24 gold pieces
 10735 | D:8      | Bought a scroll of identify for 24 gold pieces
 10735 | D:8      | Bought a scroll of enchant weapon for 90 gold pieces
 10735 | D:8      | Bought a scroll of enchant armour for 90 gold pieces
 10735 | D:8      | Bought a scroll of enchant weapon for 90 gold pieces
 10780 | D:8      | Noticed Maurice
 10810 | D:8      | Killed Maurice
 10810 | D:8      | Reached skill level 1 in Invocations
 10887 | D:8      | Received a gift from Okawaru
 10991 | D:8      | Noticed a deep elf mage
 11009 | D:8      | Killed a deep elf mage
 11165 | Lair:1   | Entered Level 1 of the Lair of Beasts
 11190 | Lair:1   | Noticed a seven-headed hydra
 11234 | D:8      | Killed a seven-headed hydra
 11234 | D:8      | Received a gift from Okawaru
 11234 | D:8      | Reached skill level 5 in Invocations
 11331 | Lair:1   | Noticed a spiny frog
 11357 | Lair:1   | Received a gift from Okawaru
 11474 | D:8      | Reached ***** piety under Okawaru
 12073 | D:9      | Got a scorched helmet
 12088 | D:9      | Got a fine cloak
 12121 | D:8      | Identified a scroll of acquirement
 12130 | D:8      | Identified the +1 helmet of the Barnacle {rElec rF+ Regen+ Str-4} (You found it on level 9 of the Dungeon)
 12131 | D:8      | Identified the +0 cloak of Prudence {rF++ Str-2 Stlth+} (You found it on level 9 of the Dungeon)
 12370 | Lair:1   | Reached XP level 11. HP: 100/100 MP: 15/15
 12522 | Lair:1   | Got a smelly leather armour
 12533 | Lair:1   | Identified the +3 leather armour of Gluttony {*Contam rC++ Int+3 Dex+3} (You found it on level 1 of the Lair of Beasts)
 12762 | Lair:1   | Reached skill level 1 in Stealth
 12902 | D:8      | Received a gift from Okawaru
 14101 | Lair:2   | Found a staircase to the Shoals.
 14317 | Lair:2   | Received a gift from Okawaru
 14859 | Lair:3   | Reached skill level 11 in Bows
 15281 | Lair:3   | Found a hole to the Spider Nest.
 15433 | Lair:3   | Received a gift from Okawaru
 15889 | Lair:3   | Reached XP level 12. HP: 98/110 MP: 14/17
 16168 | Lair:4   | Noticed a death yak
 16254 | Lair:3   | Killed a death yak
 16411 | Lair:4   | Reached ****** piety under Okawaru
 16533 | Lair:4   | Noticed a five-headed hydra
 16571 | Lair:4   | Killed a five-headed hydra
 16571 | Lair:4   | Received a gift from Okawaru
 16633 | Lair:4   | Received a gift from Okawaru
 16950 | D:5      | Found a blossoming altar of Fedhas.
 17293 | D:3      | Received a gift from Okawaru
 17552 | Lair:4   | Reached skill level 12 in Bows
 17997 | Lair:4   | Noticed a death yak
 18057 | Lair:4   | Killed a death yak
 18517 | Lair:5   | Found a viscous altar of Jiyva.
 18519 | Lair:5   | Found a staircase to the Slime Pits.
 18633 | Lair:5   | Noticed an entropy weaver
 18740 | Lair:4   | Killed an entropy weaver
 18740 | Lair:4   | Reached XP level 13. HP: 61/121 MP: 5/18
 19208 | Lair:5   | Noticed an entropy weaver
 19604 | Lair:5   | Reached skill level 13 in Bows
 19647 | Lair:4   | Killed an entropy weaver
 20233 | Lair:5   | Received a gift from Okawaru
 20751 | Lair:6   | Entered Level 6 of the Lair of Beasts
 20783 | Lair:6   | Reached skill level 5 in Stealth
 21540 | Lair:6   | Reached skill level 14 in Bows
 21597 | Lair:6   | Noticed Nessos
 21612 | Lair:6   | Killed Nessos
 22158 | Lair:6   | Noticed a fire dragon
 22177 | Lair:6   | Received a gift from Okawaru
 22274 | Lair:6   | Reached XP level 14. HP: 129/129 MP: 19/19
 22299 | Lair:6   | Found a large runed door.
 22300 | Lair:6   | Found a large runed door.
 22706 | Lair:6   | Reached skill level 15 in Bows
 23880 | D:10     | Entered Level 10 of the Dungeon
 23973 | D:10     | Paralysed by a hornet for 3 turns
 23987 | D:9      | Paralysed by a hornet for 1 turns
 24432 | D:10     | Found a staircase to the Orcish Mines.
 24791 | Orc:1    | Entered Level 1 of the Orcish Mines
 24978 | Orc:2    | Entered Level 2 of the Orcish Mines
 24978 | Orc:2    | Found Qamaus's Food Shoppe.
 24978 | Orc:2    | Found a roughly hewn altar of Beogh.
 25010 | Orc:2    | Found a staircase to the Elven Halls.
 25329 | Orc:1    | Noticed Fannar
 25354 | Orc:1    | Killed Fannar
 25466 | Orc:2    | Paralysed by an orc sorcerer for 7 turns
 25519 | Orc:1    | Paralysed by an orc sorcerer for 6 turns
 25606 | Orc:2    | Found Hutiaf's Weapon Shoppe.
 25749 | Orc:2    | Found a shimmering altar of Xom.
 25830 | Orc:2    | Found Jasug's Jewellery Boutique.
 25869 | Orc:2    | Found Vaxketro's Magic Scroll Shop.
 25869 | Orc:2    | Found Ucsearih's Gadget Boutique.
 25877 | Orc:2    | Found Kuuqyv's General Store.
 25889 | Orc:2    | Bought a scroll of blinking for 105 gold pieces
 25889 | Orc:2    | Bought a scroll of identify for 28 gold pieces
 25889 | Orc:2    | Bought a scroll of identify for 28 gold pieces
 25927 | Orc:2    | Received a gift from Okawaru
 26763 | Orc:1    | Noticed Nergalle
 26775 | Orc:1    | Killed Nergalle
 27102 | Shoals:1 | Entered Level 1 of the Shoals
 27400 | Shoals:1 | Found a glowing silver altar of Zin.
 27803 | Shoals:1 | Received a gift from Okawaru
 27965 | Shoals:1 | Learned a level 1 spell: Infusion
 28128 | Shoals:1 | Reached XP level 15. HP: 136/136 MP: 12/20
 28142 | Shoals:1 | Reached skill level 1 in Charms
 28162 | Shoals:1 | Reached skill level 1 in Spellcasting
 29364 | Shoals:2 | Noticed Nikola
 29389 | Shoals:2 | Killed Nikola
 30115 | Shoals:2 | Learned a level 2 spell: Song of Slaying
 30157 | Shoals:2 | Found a runed door.
 30554 | Shoals:2 | HP: 5/138 [manticore (2)]
 30556 | Shoals:2 | HP: 1/138 [merfolk siren/spear (3)]
 30558 | Shoals:2 | Mangled by a merfolk

Skill      XL: |  1  2  3  4  5  6  7  8  9 10 11 12 13 14 15 |
---------------+----------------------------------------------+-----
Bows           | 6 8 10 11 12 14 15 | 15.6
Dodging        | 2 3 5 6 7 8 |  8.0
Maces & Flails | 1 3 5 6 7 9 |  9.7
Fighting       | 3 4 6 7 8 9 |  9.8
Armour         | 1 2 5 6 7 8 |  8.0
Invocations    | 5 7 |  7.0
Stealth        | 2 4 6 9 |  9.9
Charms         | 3 |  3.5
Spellcasting   | 2 |  2.9

Action                   |  1- 3 |  4- 6 |  7- 9 | 10-12 | 13-15 || total
-------------------------+-------+-------+-------+-------+-------++-------
Melee: Short sword       |    46 |       |       |       |       ||    46
       Kick              |    12 |    24 |    60 |   145 |   193 ||   434
       Whip              |    29 |   111 |   198 |   416 |   269 ||  1023
       Punch             |       |       |     1 |       |     5 ||     6
       Dire flail        |       |       |       |       |   148 ||   148
       Unarmed           |       |       |       |       |     9 ||     9
 Fire: Shortbow          |    43 |   123 |   275 |   609 |  1484 ||  2534
 Cast: Infusion          |       |       |       |       |     4 ||     4
       Song of Slaying   |       |       |       |       |     4 ||     4
Invok: Heroism           |       |       |     1 |     8 |    15 ||    24
       Finesse           |       |       |       |     2 |     7 ||     9
  Use: Potion            |     3 |     1 |     3 |     2 |    12 ||    21
       Scroll            |     3 |     6 |     9 |    10 |    11 ||    39
 Stab: Sleeping          |       |       |       |       |     2 ||     2
       Distracted        |       |       |       |       |     1 ||     1
       Invisible         |       |       |       |       |     1 ||     1
  Eat: Chunk             |     1 |     6 |     6 |    11 |    23 ||    47
       Ration            |     1 |       |     2 |     3 |     2 ||     8
Armor: Leather armour    |    42 |    30 |       |   151 |   281 ||   504
       Chain mail        |       |    27 |    72 |    68 |       ||   167
       Skin              |       |       |       |     7 |       ||     7
Dodge: Dodged            |    57 |    54 |    50 |   223 |   364 ||   748
